 Dungeon Crawl Stone Soup version 0.18.1-5-g4a78601 (webtiles) character file.

12359 Mefis the Thaumaturge (level 11, -9/54 HPs)
             Began as a Deep Elf Wizard on May 11, 2016.
             Was a High Priest of Sif Muna.
             Mangled by a white ugly thing (42 damage)
             ... on level 10 of the Dungeon.
             The game lasted 01:06:15 (18607 turns).

Mefis the Thaumaturge (Deep Elf Wizard)            Turns: 18607, Time: 01:06:16

Health: -9/54      AC: 19    Str:  6    XL:     11   Next: 61%
Magic:  15/27      EV: 23    Int: 27    God:    Sif Muna [*****.]
Gold:   416        SH:  0    Dex: 20    Spells: 7 memorised, 15 levels left

rFire  + . .     SeeInvis .     J - +4 mace "Killer Klown's Death" {crush, rN+ Str+2 Dex+2}
rCold  x . .     Gourm    .     V - +3 troll leather armour
rNeg   + . .     Faith    .     (no shield)
rPois  .         Spirit   .     T - +2 hat
rElec  .         Dismiss  .     I - +0 cloak
rCorr  .         Reflect  .     G - +2 pair of gloves
SustAt .         Harm     .     N - +1 pair of boots
MR     +....                    (no amulet)
Stlth  ++++++....               U - ring of flight (curse)
                                M - ring of fire

@: agile, repel missiles, somewhat resistant to hostile enchantments, very
stealthy
A: hooves 2, horns 1, iridescent scales 1, camouflage 1, regeneration 1,
evolution 1
a: Channel Energy, Forget Spell, Renounce Religion, Evoke Flight


You were on level 10 of the Dungeon.
You worshipped Sif Muna.
Sif Muna was extremely pleased with you.
You were hungry.

You visited 2 branches of the dungeon, and saw 12 of its levels.

You collected 578 gold pieces.
You spent 162 gold pieces at shops.

Inventory:

Hand Weapons
 n - a +0 dagger
 t - a +0 shortbow
 J - the +4 mace "Killer Klown's Death" (weapon) {crush, rN+ Str+2 Dex+2}
   (You found it on level 4 of the Dungeon)

   It inflicts extra damage upon your enemies.
   It affects your strength (+2).
   It affects your dexterity (+2).
   It protects you from negative energy.
Missiles
 q - 137 arrows
 y - 43 poisoned needles
 A - 17 tomahawks
 Z - 2 silver tomahawks (quivered)
Armour
 d - a +2 robe of magic resistance
 G - a +2 pair of gloves (worn)
 I - a +0 cloak (worn)
 N - a +1 pair of boots (worn)
 T - a +2 hat (worn)
 V - a +3 troll leather armour (worn)
Jewellery
 e - an uncursed ring of wizardry
 i - an uncursed ring of protection from cold
 u - an uncursed ring of sustain attributes
 M - a ring of fire (left hand)
 U - a cursed ring of flight (right hand)
Wands
 g - a wand of digging (11/24)
 C - a wand of digging (11/24)
 K - a wand of flame (34/48)
 W - a wand of paralysis (16/24)
 Y - a wand of polymorph (5/24)
Scrolls
 b - a scroll of fog {unknown}
 k - 4 scrolls of recharging
 l - 4 scrolls of random uselessness
 p - a scroll of immolation {unknown}
 s - 4 scrolls of magic mapping
 w - 5 scrolls of remove curse {unknown}
 E - 3 scrolls of noise
 H - a scroll of amnesia {unknown}
 L - a scroll of teleportation {unknown}
 X - a scroll of identify
Potions
 a - a potion of might {unknown}
 h - 7 potions of curing
 j - 4 potions of mutation
 m - 2 potions of haste
 o - a potion of cancellation
 r - a potion of degeneration {unknown}
 v - a potion of agility
 z - 2 potions of heal wounds
 B - 2 potions of ambrosia
 D - a potion of cure mutation {unknown}
 F - a potion of lignification
 R - a potion of resistance
Books
 c - a book of Minor Magic

   Spells                             Type                      Level
   a - Magic Dart                     Conjuration                  1
   b - Blink                          Translocation                2
   c - Call Imp                       Summoning                    2
   d - Repel Missiles                 Charms/Air                   2
   e - Slow                           Hexes                        2
   f - Conjure Flame                  Conjuration/Fire             3
   g - Mephitic Cloud                 Conjuration/Poison/Air       3
 S - a book of Changes

   Spells                             Type                      Level
   a - Beastly Appendage              Transmutation                1
   b - Sticks to Snakes               Transmutation                2
   c - Spider Form                    Transmutation/Poison         3
   d - Ice Form                       Ice/Transmutation            4
   e - Blade Hands                    Transmutation                5
Comestibles
 f - 8 meat rations
 x - 17 fruits
 O - a slice of pizza
 P - 3 beef jerkies
 Q - 2 bread rations


   Skills:
 * Level 2.8 Armour
 + Level 8.1 Dodging
 + Level 8.7 Stealth
 + Level 10.2 Spellcasting
 + Level 8.0 Conjurations
 + Level 4.0 Hexes
 + Level 4.8 Charms
 + Level 3.5 Summonings
 + Level 3.5 Translocations
 + Level 6.0 Fire Magic
 + Level 7.2 Poison Magic
 + Level 6.0 Invocations


You had 15 spell levels left.
You knew the following spells:

 Your Spells              Type           Power        Failure   Level  Hunger
a - Magic Dart            Conj           ####         1%          1    None
b - Call Imp              Summ           ####....     1%          2    None
c - Blink                 Tloc           N/A          1%          2    None
d - Repel Missiles        Chrm/Air       ####..       3%          2    None
e - Mephitic Cloud        Conj/Pois/Air  #####...     2%          3    None
f - Conjure Flame         Conj/Fire      ######..     1%          3    None
g - Slow                  Hex            #####...     1%          2    None


Dungeon Overview and Level Annotations

Branches:
Dungeon (11/15)            Temple (1/1) D:5            Lair (0/8) D:8
    Orc: D:9-12

Altars:
Ashenzari
Cheibriados
Dithmenos
Elyvilon
Fedhas
Gozag
Kikubaaqudgha
Makhleb
Nemelex Xobeh
Okawaru
Pakellas
Qazlal
Ru
Sif Muna
Trog
Vehumet
Xom
Yredelemnul
Zin
The Shining One

Shops:
D:5 ?   D:6 :


Innate Abilities, Weirdness & Mutations

You have hoof-like feet.
You have a pair of small horns on your head.
You are partially covered in iridescent scales (AC +4).
Your skin changes colour to match your surroundings (Stealth).
Your natural rate of healing is unusually fast.
You evolve.


Message History

Ouch! That really hurt!
* * * LOW HITPOINT WARNING * * *
There is an escape hatch in the ceiling here.
Read which item? (? for menu, Esc to quit)
Okay, then.
Drink which item? (? for menu, Esc to quit)
You feel much better.
The white ugly thing closely misses you.
The white ugly thing closely misses you.
A mysterious force pulls you upwards. The hatch slams shut behind you.
Wield which item (- for none, * to show all)? (? for menu, Esc to quit)
Okay, then.
Drink which item? (? for menu, Esc to quit)
You feel agile all of a sudden. The white ugly thing misses you.
There is a stone staircase leading down here.
The white ugly thing pecks you! The white ugly thing freezes you!!!
You feel a terrible chill!
Ouch! That really hurt!
You die...

##'####### #####
#..<.....# #....
#........########....
#........'.)......)).
#........########..))
#........# ##.##
#........# #..#
#####'#### ##.# #.@.#
####)# #u### ###.....
#####.####### #.'..)..
#...........# #.#.....
#...........# ##.#..)..
#..>........###..#....)
#...........#...##.....
#.............####.....
#...........### #....(


You could see a white ugly thing.

Vanquished Creatures
  7 hill giants
  3 trolls
  A polar bear (shapeshifter) (D:10)
  Prince Ribbit (D:6)
  Grinder (D:5)
  9 yaks
  A wraith (D:8)
  A wyvern (D:8)
  A hippogriff (D:8)
  Menkaure (D:5)
  A water moccasin (D:6)
  2 ice beasts (D:6)
  7 sky beasts
  3 black bears
  A necrophage (D:11)
  4 orc warriors
  An eye of draining (D:9)
  4 phantoms
  4 ogres
  2 centaurs (D:7)
  A crocodile (D:9)
  2 big kobolds (D:10)
  2 gnoll sergeants
  12 giant frogs
  3 scorpions
  12 killer bees (D:8)
  A vampire bat (D:10)
  4 crimson imps
  A giant frog zombie (D:9)
  A howler monkey (D:4)
  Crazy Yiuf (D:4)
  4 centaur skeletons
  6 hounds
  9 orc priests
  8 orc wizards
  Jessica (D:3)
  4 giant frog skeletons
  2 iguanas
  Natasha (thrice) (D:3)
  7 worker ants
  3 hound zombies
  2 hound skeletons
  4 worker ant zombies
  12 gnolls
  9 adders
  A shadow imp (D:7)
  An ooze (D:4)
  3 worms
  A dart slug (D:1)
  8 giant geckos
  56 orcs
  4 giant cockroaches
  5 goblins
  9 hobgoblins
  9 jackals
  13 kobolds
  9 quokkas
  9 bats
  A giant gecko zombie (D:9)
  8 giant newts
  A quokka zombie (D:6)
  24 rats
331 creatures vanquished.

Vanquished Creatures (collateral kills)
  Pikel (D:5)
  2 slaves
  2 killer bees (D:8)
  A quasit (D:7)
  An iguana (D:7)
  3 gnolls (D:5)
  An orc (D:9)
  A quokka (D:3)
12 creatures vanquished.

Vanquished Creatures (others)
  2 slaves (D:5)
  A gnoll shaman (D:5)
  A gnoll (D:5)
  8 fungi (D:8)
  6 plants (D:8)
18 creatures vanquished.

Grand Total: 361 creatures vanquished

Notes
Turn   | Place    | Note
--------------------------------------------------------------
     0 | D:1      | Mefis the Deep Elf Wizard began the quest for the Orb.
     0 | D:1      | Reached XP level 1. HP: 10/10 MP: 7/7
   421 | D:1      | Reached XP level 2. HP: 11/15 MP: 0/9
   438 | D:1      | Reached skill level 5 in Spellcasting
  1370 | D:2      | Reached XP level 3. HP: 16/19 MP: 6/11
  1648 | D:1      | Learned a level 2 spell: Call Imp
  1651 | D:1      | Learned a level 2 spell: Blink
  1654 | D:1      | Learned a level 2 spell: Repel Missiles
  1658 | D:1      | Learned a level 3 spell: Mephitic Cloud
  1715 | D:2      | Found a glowing golden altar of the Shining One.
  2509 | D:3      | Reached XP level 4. HP: 22/24 MP: 2/13
  2512 | D:3      | Noticed Jessica
  2567 | D:3      | Killed Jessica
  2567 | D:3      | Reached skill level 1 in Poison Magic
  2960 | D:3      | Learned a level 3 spell: Conjure Flame
  3412 | D:3      | Noticed Natasha
  3418 | D:3      | Killed Natasha
  3418 | D:3      | Reached XP level 5. HP: 28/28 MP: 4/15
  3818 | D:3      | Noticed Natasha
  3820 | D:3      | Killed Natasha
  3943 | D:3      | Noticed Natasha
  3948 | D:3      | Killed Natasha
  4113 | D:3      | Reached XP level 6. HP: 32/32 MP: 11/16
  4127 | D:3      | Found a shadowy altar of Dithmenos.
  4127 | D:3      | Found a deep blue altar of Sif Muna.
  4138 | D:3      | Became a worshipper of Sif Muna the Loreminder
  4186 | D:3      | Found a sacrificial altar of Ru.
  4465 | D:4      | Reached skill level 6 in Spellcasting
  4679 | D:4      | Noticed Crazy Yiuf
  4690 | D:4      | Killed Crazy Yiuf
  4704 | D:4      | Got a fine mace
  4705 | D:4      | Identified the +4 mace "Killer Klown's Death" {crush, rN+ Str+2 Dex+2} (You found it on level 4 of the Dungeon)
  5305 | D:4      | Reached XP level 7. HP: 36/36 MP: 13/18
  5680 | D:5      | Entered Level 5 of the Dungeon
  5850 | D:5      | Noticed Grinder
  5881 | D:5      | Paralysed by Grinder for 3 turns
  5912 | D:5      | Killed Grinder
  5912 | D:5      | Reached skill level 5 in Stealth
  5912 | D:5      | Reached skill level 5 in Conjurations
  6113 | D:5      | Found Vugeoram's Magic Scroll Shoppe.
  6121 | D:5      | Bought a scroll of identify for 24 gold pieces
  6121 | D:5      | Bought a scroll of enchant armour for 90 gold pieces
  6121 | D:5      | Bought a scroll of identify for 24 gold pieces
  6121 | D:5      | Bought a scroll of random uselessness for 12 gold pieces
  6121 | D:5      | Bought a scroll of noise for 12 gold pieces
  6251 | D:5      | Noticed Menkaure
  6258 | D:5      | Killed Menkaure
  6258 | D:5      | Reached * piety under Sif Muna
  6499 | D:5      | Reached skill level 7 in Spellcasting
  6694 | D:5      | Found a staircase to the Ecumenical Temple.
  6704 | Temple   | Entered the Ecumenical Temple
  6910 | D:5      | Found a blossoming altar of Fedhas.
  6914 | D:5      | Found an iron altar of Okawaru.
  6968 | D:5      | Noticed Pikel
  7249 | D:5      | Killed Pikel
  7249 | D:5      | Reached skill level 5 in Dodging
  7249 | D:5      | Reached skill level 1 in Fire Magic
  7249 | D:5      | Reached skill level 1 in Invocations
  7249 | D:5      | Reached XP level 8. HP: 28/41 MP: 1/21
  7920 | D:6      | Found Faxevupn's Book Emporium.
  8025 | D:6      | Found a basalt altar of Yredelemnul.
  8299 | D:6      | Reached skill level 8 in Spellcasting
  8446 | D:6      | Reached skill level 5 in Poison Magic
  8570 | D:6      | Reached XP level 9. HP: 45/45 MP: 4/23
  8732 | D:6      | Reached ** piety under Sif Muna
  9450 | D:7      | Noticed Prince Ribbit
  9525 | D:6      | Killed Prince Ribbit
  9912 | D:7      | Noticed a hill giant
 10083 | D:7      | Learned a level 2 spell: Slow
 10174 | D:8      | Gained mutation: Your flesh is heat resistant. [mutagenic meat]
 10175 | D:8      | Gained mutation: You have large cloven feet. [mutagenic meat]
 10177 | D:8      | Gained mutation: Your body sometimes deteriorates upon taking damage. [mutagenic meat]
 10178 | D:8      | Gained mutation: Your skin changes colour to match your surroundings (Stealth). [mutagenic meat]
 10233 | D:8      | Noticed a hill giant
 10341 | D:8      | Killed a hill giant
 10446 | D:8      | Reached skill level 9 in Spellcasting
 10680 | D:8      | Found a staircase to the Lair.
 10857 | D:8      | Reached XP level 10. HP: 50/50 MP: 7/25
 11073 | D:8      | Reached skill level 1 in Charms
 11218 | D:8      | Reached *** piety under Sif Muna
 11462 | D:8      | Found a blossoming altar of Fedhas.
 11501 | D:8      | Gained mutation: Your flesh is very heat resistant. [mutagenic meat]
 11502 | D:8      | Gained mutation: You are partially covered in iridescent scales (AC +4). [mutagenic meat]
 12042 | D:8      | Reached skill level 1 in Hexes
 12539 | D:7      | Killed a hill giant
 12539 | D:7      | Reached skill level 5 in Fire Magic
 12539 | D:7      | Reached skill level 5 in Invocations
 12616 | D:7      | Gained mutation: You are frail (-10% HP). [mutagenic meat]
 12618 | D:7      | Gained mutation: You have hoof-like feet. [mutagenic meat]
 12619 | D:7      | Gained mutation: You have a pair of small horns on your head. [mutagenic meat]
 12620 | D:7      | Lost mutation: Your body sometimes deteriorates upon taking damage. [mutagenic meat]
 13871 | D:9      | Reached **** piety under Sif Muna
 13995 | D:9      | Found an opulent altar of Gozag.
 14047 | D:9      | Gained mutation: Your natural rate of healing is unusually fast. [mutagenic meat]
 14050 | D:9      | Lost mutation: Your flesh is very heat resistant. [mutagenic meat]
 14051 | D:9      | Gained mutation: You evolve. [mutagenic meat]
 14801 | D:9      | Reached skill level 1 in Armour
 15138 | D:10     | Entered Level 10 of the Dungeon
 15288 | D:10     | Lost mutation: You are frail (-10% HP). [evolution]
 15379 | D:10     | Reached XP level 11. HP: 54/54 MP: 13/26
 15528 | D:10     | Noticed a hill giant
 15549 | D:10     | Killed a hill giant
 15932 | D:10     | Noticed a hill giant
 16016 | D:10     | Killed a hill giant
 16070 | D:10     | Noticed an alligator
 16071 | D:10     | Noticed a sea snake
 16071 | D:10     | an alligator changed into a sea snake
 16446 | D:10     | Noticed a hill giant
 16452 | D:10     | Reached ***** piety under Sif Muna
 16494 | D:10     | Killed a hill giant
 17004 | D:10     | Reached skill level 10 in Spellcasting
 17500 | D:10     | Lost mutation: Your flesh is heat resistant. [evolution]
 17624 | D:11     | Noticed a green ugly thing
 18011 | D:11     | Noticed a hill giant
 18012 | D:11     | Noticed a hill giant
 18070 | D:11     | Killed a hill giant
 18082 | D:11     | Killed a hill giant
 18562 | D:11     | Noticed a red ugly thing
 18607 | D:10     | Mangled by a white ugly thing

Skill      XL: |  1  2  3  4  5  6  7  8  9 10 11 |
---------------+----------------------------------+-----
Spellcasting   | 5 6 7 8 9 10 | 10.2
Stealth        | 3 4 5 6 7 8 |  8.7
Dodging        | 3 4 5 6 7 8 |  8.1
Conjurations   | 2 3 4 5 6 7 8 |  8.0
Poison Magic   | 1 2 3 4 5 6 7 |  7.2
Fire Magic     | 1 2 4 5 6 |  6.0
Invocations    | 1 2 4 5 6 |  6.0
Charms         | 3 4 |  4.8
Hexes          | 2 4 |  4.0
Translocations | 2 3 |  3.5
Summonings     | 2 3 |  3.5
Armour         | 1 2 |  2.8

Action                   |  1- 3 |  4- 6 |  7- 9 | 10-12 || total
-------------------------+-------+-------+-------+-------++-------
Melee: Dagger            |    12 |    26 |       |     1 ||    39
       Mace              |       |     5 |    10 |    16 ||    31
       Headbutt          |       |       |       |     4 ||     4
 Fire: Hunting sling     |       |    13 |     8 |       ||    21
       Shortbow          |       |       |       |    48 ||    48
 Cast: Magic Dart        |   121 |   148 |   386 |   796 ||  1451
       Repel Missiles    |     1 |       |       |     1 ||     2
       Mephitic Cloud    |       |     9 |    27 |    51 ||    87
       Conjure Flame     |       |     3 |    16 |    41 ||    60
       Call Imp          |       |     1 |    28 |     8 ||    37
       Blink             |       |     9 |     6 |     7 ||    22
       Slow              |       |       |       |     4 ||     4
Invok: Channel Energy    |       |       |    44 |    58 ||   102
Evoke: Wand              |       |       |       |     1 ||     1
  Use: Scroll            |       |       |     6 |     8 ||    14
       Potion            |       |       |       |     3 ||     3
 Stab: Sleeping          |       |       |     1 |     1 ||     2
       Confused          |       |       |       |     1 ||     1
  Eat: Chunk             |     5 |     4 |    14 |    38 ||    61
       Bread ration      |       |     1 |     2 |       ||     3
       Meat ration       |       |       |     1 |     1 ||     2
       Fruit             |       |       |       |     1 ||     1
Armor: Robe              |     7 |     7 |    53 |    19 ||    86
       Troll leather arm |       |       |       |    37 ||    37
Dodge: Dodged            |    23 |    35 |   154 |   138 ||   350
       Deflected         |     2 |       |     1 |       ||     3
